 Dungeon Crawl Stone Soup version 0.24.0-37-gcf1ca852f1 (console) character file.

Game seed: 10844569075690842128, levelgen mode: deterministic

928 AlterAsc the Skirmisher (level 8, 0/88 HPs)
             Began as an Ogre Fighter on Nov 24, 2019.
             Was an Initiate of Okawaru.
             Slain by a slave (5 damage)
             ... led by Pikel
             ... on level 4 of the Dungeon.
             The game lasted 00:16:15 (7900 turns).

AlterAsc the Skirmisher (Ogre Fighter)              Turns: 7900, Time: 00:16:16

Health: 0/88       AC:  3    Str: 23    XL:     8   Next: 11%
Magic:  0/8        EV: 12    Int:  9    God:    Okawaru [......]
Gold:   205        SH:  0    Dex:  8    Spells: 7/7 levels left

rFire    . . .     SeeInvis .   K - +0 giant club
rCold    . . .     Gourm    .   (shield currently unavailable)
rNeg     . . .     Faith    .   b - +0 robe
rPois    .         Spirit   +   (helmet restricted)
rElec    .         Reflect  .   m - scarf {Spirit}
rCorr    .         Harm     .   (gloves unavailable)
MR       .....                  (boots unavailable)
Stlth    +.........             (no amulet)
HPRegen  0.24/turn              n - +2 ring of evasion
MPRegen  0.11/turn              I - ring of flight

@: no status effects
A: large, unfitting armour, tough skin 1
a: Renounce Religion, Evoke Flight


You were on level 4 of the Dungeon.
You worshipped Okawaru.
Okawaru was noncommittal.
You were not hungry.

You visited 2 branches of the dungeon, and saw 6 of its levels.

You collected 205 gold pieces.

Inventory:

Hand Weapons
 a - a +0 flail
 A - a +6 hand axe of flaming
 F - a +0 shortbow of freezing
 J - a +2 mace of protection
 K - a +0 giant club (weapon)
Missiles
 p - 111 stones (quivered)
 G - 13 arrows
Armour
 b - a +0 robe (worn)
 c - a +0 shield
 m - a scarf of spirit shield (worn)
 y - a +0 animal skin
Jewellery
 n - a +2 ring of evasion (left hand)
 t - an uncursed ring of protection from fire
 v - an uncursed ring of resist corrosion {unknown}
 I - a ring of flight (right hand)
Wands
 C - a wand of iceblast (6)
 N - a wand of random effects (20)
Scrolls
 d - 5 scrolls of identify {unknown}
 e - 4 scrolls of enchant armour {unknown}
 g - a scroll of immolation {unknown}
 h - a scroll of enchant weapon {unknown}
 i - 3 scrolls of teleportation {unknown}
 k - a scroll of fear {unknown}
 s - 2 scrolls of random uselessness {unknown}
 w - a scroll of blinking {unknown}
 x - a scroll of amnesia {unknown}
 B - 2 scrolls of noise {unknown}
 D - a scroll of remove curse {unknown}
 H - a scroll of fog {unknown}
Potions
 j - 2 potions of curing
 l - 2 potions of magic {unknown}
 o - a potion of berserk rage {unknown}
 q - 2 potions of heal wounds {unknown}
 r - a potion of haste {unknown}
 u - a potion of cancellation {unknown}
 z - a potion of flight {unknown}
 E - a potion of degeneration {unknown}
 M - a potion of brilliance {unknown}
Comestibles
 f - 11 rations
 L - a chunk of flesh


   Skills:
 - Level 7.8 Fighting
 * Level 7.0 Maces & Flails
 - Level 2.7 Dodging
 - Level 2.7 Shields


You had 7 spell levels left.
You didn't know any spells.
Your spell library was empty.

Dungeon Overview and Level Annotations

Branches:
Dungeon (5/15)             Temple (1/1) D:5

Altars:
Ashenzari
Cheibriados
Dithmenos
Elyvilon
Fedhas
Gozag
Hepliaklqana
Kikubaaqudgha
Makhleb
Nemelex Xobeh
Okawaru
Qazlal
Ru
Sif Muna
Trog
Uskayaw
Vehumet
Wu Jian
Xom
Yredelemnul
Zin
The Shining One

Annotations:
D:5 Pikel


Innate Abilities, Weirdness & Mutations

You are too large for most types of armour.
You have tough skin. (AC +1)


Message History

The slave is lightly wounded.
The slave hits you.
* * * LOW HITPOINT WARNING * * *
The slave hits you!
* * * LOW HITPOINT WARNING * * *
You closely miss the slave.
The slave is lightly wounded.
The slave hits you!
* * * LOW HITPOINT WARNING * * *
You hit the slave but do no damage.
The slave is lightly wounded.
The slave barely misses you.
You hit the slave.
The slave is lightly wounded.
The slave hits you.
* * * LOW HITPOINT WARNING * * *
You barely miss the slave.
The slave is lightly wounded.
The slave hits you!
You die...

#.......#................
#.......#................
#.......#................
#.......#................
#.......##...........)...
#.......########.........
#.......########.........
#........................
#.......@........########
#######p.........#
#..........# #..........#
#..........# #..........#
#..........######
#...............#
#########..^....#


You could see a slave.

Vanquished Creatures
  Eustachio (D:4)
  A slave (D:4)
  An ogre (D:4)
  A centaur (D:5)
  A crimson imp (D:5)
  A centaur zombie (D:5)
  3 hounds
  An iguana (D:4)
  Ijyb (D:4)
  An orc wizard (D:5)
  5 worker ants
  Robin (D:2)
  3 gnolls (D:2)
  11 adders
  2 oozes
  3 dart slugs
  5 worms
  12 orcs
  8 bats
  5 giant cockroaches
  9 hobgoblins
  3 jackals (D:4)
  4 quokkas
  4 ball pythons
  4 frilled lizards
  16 goblins
  8 kobolds
  A leopard gecko skeleton (D:4)
  A quokka skeleton (D:4)
  A rat (D:2)
118 creatures vanquished.

Notes
Turn   | Place    | Note
-------+----------+-------------------------------------------
     0 | D:1      | AlterAsc the Ogre Fighter began the quest for the Orb.
     0 | D:1      | Reached XP level 1. HP: 24/24 MP: 1/1
   346 | D:1      | Reached XP level 2. HP: 23/32 MP: 2/2
  1065 | D:2      | Reached XP level 3. HP: 35/40 MP: 3/3
  1524 | D:2      | Reached XP level 4. HP: 11/49 MP: 4/4
  1860 | D:2      | Reached skill level 5 in Fighting
  2583 | D:2      | Reached XP level 5. HP: 55/57 MP: 5/5
  2742 | D:3      | Found a white marble altar of Elyvilon.
  2745 | D:3      | Noticed Robin
  3474 | D:2      | Killed Robin
  4054 | D:4      | Reached XP level 6. HP: 59/67 MP: 4/6
  4161 | D:4      | Noticed Ijyb
  4183 | D:4      | Killed Ijyb
  4272 | D:4      | Reached skill level 5 in Maces & Flails
  5018 | D:5      | Entered Level 5 of the Dungeon
  5019 | D:5      | Noticed Eustachio
  5154 | D:4      | Killed Eustachio
  5154 | D:4      | Reached XP level 7. HP: 22/76 MP: 1/7
  6804 | D:5      | Found a staircase to the Ecumenical Temple.
  6835 | Temple   | Entered the Ecumenical Temple
  6869 | Temple   | Became a worshipper of Warmaster Okawaru
  7203 | D:4      | Reached XP level 8. HP: 54/88 MP: 4/8
  7866 | D:5      | Noticed Pikel
  7900 | D:4      | Slain by a slave

Levels and vault maps discovered:
D:1:      minmay_arrival_floating_metal, layout_loops_ring
D:2:      layout_basic, first_ration, minmay_misc_feat_chi
D:3:      layout_rooms, elyvilon_altar_4, minmay_pentomino_pile, uniq_robin
D:4:      layout_basic, uniq_ijyb
D:5:      layout_rooms, minmay_temple_entry_waves, lemuel_another_geyser,
          uniq_eustachio, uniq_pikel
Temple:   nicolae_temple_the_god_donut

Skill      XL: |  1  2  3  4  5  6  7  8 |
---------------+-------------------------+-----
Maces & Flails | 2 3 4 5 6 7 |  7.0
Fighting       | 5 6 7 |  7.8
Dodging        | |  2.7
Shields        | |  2.7

Action                   |  1- 3 |  4- 6 |  7- 9 || total
-------------------------+-------+-------+-------++-------
Melee: Flail             |   109 |   272 |    91 ||   472
       Giant club        |       |       |    46 ||    46
  Use: Potion            |     1 |       |     1 ||     2
  Eat: Chunk             |     2 |    11 |     7 ||    20
       Ration            |       |       |     1 ||     1
Armor: Robe              |    33 |    62 |    24 ||   119
Dodge: Dodged            |   100 |   227 |    85 ||   412
Block: Shield            |     4 |       |       ||     4
